 Dungeon Crawl Stone Soup version 0.16.1 (webtiles) character file.

940 Sixotanaka the Conjurer (level 8, 0/46 HPs)
             Began as an Octopode Venom Mage on Mar 27, 2015.
             Was a Follower of Vehumet.
             Slain by an orc warrior
             ... wielding a +0 scimitar
              (16 damage)
             ... on level 5 of the Dungeon.
             The game lasted 00:29:57 (7976 turns).

Sixotanaka the Conjurer (Octopode Venom Mage)       Turns: 7976, Time: 00:29:57

Health: 0/46       AC:  1    Str:  8    XL:     8   Next: 12%
Magic:  16/16      EV: 12    Int: 17    God:    Vehumet [*.....]
Gold:   358        SH:  0    Dex: 14    Spells: 3 memorised, 4 levels left

rFire  + . .     SeeInvis .     x - +2 halberd (freeze)
rCold  x . .     Clarity  +     (no shield)
rNeg   . . .     SustAb   .     (helmet restricted)
rPois  .         Gourm    .     E - amulet of clarity
rElec  .         Spirit   .     s - ring of protection from magic
rCorr  .         Warding  .     D - ring of fire
rMut   .         Stasis   .     (no ring)
MR     +....                    (no ring)
Stlth  +++.......               (no ring)
                                (no ring)
                                (no ring)
                                (no ring)

@: somewhat resistant to hostile enchantments, fairly stealthy
A: almost no armour, amphibious, 8 rings, constrict 8, camouflage 1, gelatinous
body 1
a: Renounce Religion


You were on level 5 of the Dungeon.
You worshipped Vehumet.
Vehumet was aware of your devotion.
You were hungry.

You visited 2 branches of the dungeon, and saw 7 of its levels.

You collected 358 gold pieces.


Innate Abilities, Weirdness & Mutations

You cannot wear most types of armour.
You are amphibious.
You can wear up to eight rings at the same time.
You can use your tentacles to constrict many enemies at once.
Your skin changes colour to match your surroundings (Stealth).
Your rubbery body absorbs attacks (AC +1).


   Skills:
 - Level 2.0 Dodging
 - Level 2.6 Stealth
 - Level 3.0 Spellcasting
 * Level 7.8 Conjurations
 - Level 6.4 Poison Magic


You had 4 spell levels left.
You knew the following spells:

 Your Spells              Type           Power        Failure   Level  Hunger
c - Mephitic Cloud        Conj/Pois/Air  ###.....     10%         3    ###....
x - Venom Bolt            Conj/Pois      ####......   30%         5    ######.
z - Sting                 Conj/Pois      ####         1%          1    None


Dungeon Overview and Level Annotations

Branches:
Dungeon (6/15)             Temple (1/1) D:5

Altars:
Ashenzari
Cheibriados
Sif Muna
Trog
Vehumet
Xom
Yredelemnul
The Shining One

Annotations:
D:5 Fiveotanaka's ghost, average DsGl; Ijyb

Inventory:

Hand weapons
 e - a +0 spear
 i - a +0 short sword of freezing
   (You took it off a kobold on level 1 of the Dungeon)
 x - a +2 halberd of freezing (weapon)
   (You took it off a gnoll on level 5 of the Dungeon)
 J - a +0 blowgun
Missiles
 n - a throwing net (quivered)
 u - 2 tomahawks of dispersal {!f}
 I - 26 poisoned needles
Jewellery
 f - an uncursed ring of teleportation
 s - a ring of protection from magic (left tentacle)
 D - a ring of fire (right tentacle)
 E - an amulet of clarity (around mantle)
 L - an uncursed amulet of the gourmand
Magical devices
 k - a wand of fireball (0)
 v - a wand of random effects (12)
Scrolls
 g - 4 scrolls of teleportation {@r4}
 m - a scroll of magic mapping {unknown}
 q - 2 scrolls of immolation {unknown}
 t - 2 scrolls of enchant armour {unknown}
 y - a scroll of blinking {unknown}
 A - 4 scrolls of remove curse {@r2}
 F - 4 scrolls of fog
Potions
 d - a potion of resistance
 h - a potion of curing {@q1}
 j - a potion of brilliance {unknown}
 l - a potion of degeneration {unknown}
 p - a potion of berserk rage
 w - 2 potions of agility
 z - a potion of mutation {unknown}
 B - a potion of poison {unknown}
 H - a potion of lignification {unknown}
 M - a potion of flight {unknown}
 N - a potion of ambrosia {unknown}
Books
 a - a book of the Tempests
 b - a Young Poisoner's Handbook
 o - a book of Cantrips
Comestibles
 c - 2 bread rations
 r - 3 fruits
 C - 3 meat rations
 G - 2 slices of pizza

....#####.'...####..##'##....####
.....#..'.#####.....#...#........
.....#(.#........#'##...#........
....######'#..#'##..#####........
....#...'..##'#).#..'..'.........
....#...#..#..#..####..#)...)....
....##'#####..#..#..#..#)........
....P...P..#######..####.........
...............Z@................
...............o.................
.................................
..............................(..
.................................
.........................).......
................................#
................................#
......................8.........#


You could see an orc warrior and a bat skeleton.


Message History

You are feeling hungry.
There is a stone staircase leading down here.
You climb downwards.
Found 10 gold pieces.
There is a stone staircase leading up here.
You now have 358 gold pieces (gained 10).
A rat comes into view.
A rat is nearby!
A rat is nearby!
The sting hits the rat.
You kill the rat!
Vehumet accepts your kill.
A crimson imp comes into view.
A crimson imp is nearby!
An orc comes into view. It is wielding a club.
An orc and an orc warrior come into view.
Attack whom?
You reach to attack!
The helpless crimson imp fails to defend itself.
You hit the crimson imp! You freeze the crimson imp.
You kill the crimson imp!
Vehumet accepts your kill.
The orc warrior shouts!
An orc and a skeleton come into view.
The sting hits the orc warrior.
The orc warrior is poisoned.
The sting hits the orc warrior.
The orc warrior looks even sicker.
The sting hits the orc warrior.
The sting misses the orc warrior.
You barely miss the orc warrior. You grab the orc warrior.
You constrict the orc warrior.
The orc warrior hits you with a scimitar!
You release your grip on the orc warrior.
The orc shouts!
There is a stone staircase leading up here.
The orc warrior hits you with a scimitar!!
* * * LOW HITPOINT WARNING * * *
You climb upwards.
Level annotation: Fiveotanaka's ghost, average DsGl; Ijyb
There is a stone staircase leading down here.
The orc warrior looks more healthy.
A kobold comes into view. It is wielding a dagger.
A bat skeleton comes into view.
The bat skeleton barely misses you. x2
The bat skeleton completely misses you. The bat skeleton barely misses you.
The bat skeleton closely misses you. The bat skeleton barely misses you.
The bat skeleton completely misses you.
The bat skeleton hits you but does no damage.
The bat skeleton barely misses you.
The bat skeleton hits you but does no damage.
The bat skeleton hits you.
* * * LOW HITPOINT WARNING * * *
The bat skeleton hits you.
* * * LOW HITPOINT WARNING * * *
The bat skeleton hits you.
* * * LOW HITPOINT WARNING * * *
The bat skeleton hits you.
* * * LOW HITPOINT WARNING * * *
Drink which item? (? for menu, Esc to quit)
You feel better. The bat skeleton hits you.
* * * LOW HITPOINT WARNING * * *
The bat skeleton closely misses you.
The orc warrior hits you with a scimitar!
* * * LOW HITPOINT WARNING * * *
The bat skeleton hits you but does no damage.
Drink which item? (? for menu, Esc to quit)
You feel better. The bat skeleton closely misses you.
The bat skeleton hits you.
* * * LOW HITPOINT WARNING * * *
The orc warrior hits you with a scimitar!
You die...

Action                   |  1- 3 |  4- 6 |  7- 9 || total
-------------------------+-------+-------+-------++-------
Melee: Unarmed           |     7 |       |       ||     7
       Short sword       |     6 |    53 |    30 ||    89
       Spear             |     1 |       |       ||     1
       Halberd           |       |       |    36 ||    36
 Cast: Sting             |    64 |   157 |    83 ||   304
       Mephitic Cloud    |       |     3 |     3 ||     6
Evoke: Wand              |       |       |     2 ||     2
  Use: Scroll            |     2 |     7 |     1 ||    10
       Potion            |       |       |     2 ||     2
 Stab: Confused          |       |     2 |       ||     2
       Sleeping          |       |       |     1 ||     1
  Eat: Chunk             |     2 |    15 |     7 ||    24
       Beef jerky        |       |       |     1 ||     1

Vault maps used:
D:1:      zaba_arrival_water
D:3:      wad_lake_hut, serial_forest, infiniplex_forest_lined_2,
          infiniplex_forest_clump_tiny, infiniplex_forest_clump_double,
          infiniplex_forest_clump_tiny, infiniplex_forest_zigzag_1
D:4:      grunt_temple_overflow_holy_war, first_bread
D:5:      corexii_shantytown, nicolae_overflow_hidden_temple, temple_statues,
          hangedman_decor_clover_reticule, uniq_iyjb
D:6:      glass_columns_a, minmay_misc_feat_alley, uniq_eustachio, uniq_sigmund
Temple:   oiseaux_autumnal_temple_12

Notes
Turn   | Place    | Note
--------------------------------------------------------------
     0 | D:1      | Sixotanaka, the Octopode Venom Mage, began the quest for the Orb.
     0 | D:1      | Reached XP level 1. HP: 11/11 MP: 3/3
   114 | D:1      | Reached skill level 5 in Poison Magic
   289 | D:1      | Reached XP level 2. HP: 13/17 MP: 0/4
   611 | D:1      | Reached XP level 3. HP: 21/21 MP: 1/6
   686 | D:1      | Reached skill level 6 in Poison Magic
  1420 | D:2      | Learned a level 3 spell: Mephitic Cloud
  1422 | D:2      | Reached XP level 4. HP: 27/27 MP: 4/7
  1458 | D:2      | Reached skill level 1 in Conjurations
  2377 | D:3      | Reached skill level 2 in Conjurations
  3289 | D:3      | Reached XP level 5. HP: 31/31 MP: 5/9
  3457 | D:3      | Reached skill level 3 in Conjurations
  3937 | D:4      | Reached skill level 4 in Conjurations
  4163 | D:4      | Reached XP level 6. HP: 36/36 MP: 4/10
  4329 | D:4      | Found a basalt altar of Yredelemnul.
  4330 | D:4      | Noticed a profane servitor
  4334 | D:4      | Found a glowing golden altar of the Shining One.
  4335 | D:4      | Noticed an angel
  5071 | D:4      | Noticed an ogre
  5080 | D:4      | Killed an ogre
  5080 | D:4      | Reached skill level 5 in Conjurations
  5253 | D:5      | Entered Level 5 of the Dungeon
  5305 | D:5      | Found a deep blue altar of Sif Muna.
  5539 | D:5      | Learned a level 5 spell: Venom Bolt
  5576 | D:5      | Reached skill level 6 in Conjurations
  5576 | D:5      | Reached XP level 7. HP: 31/41 MP: 6/12
  5674 | D:5      | HP: 2/41 [ice beast (12)]
  6030 | D:5      | Found a staircase to the Ecumenical Temple.
  6158 | Temple   | Entered the Ecumenical Temple
  6192 | Temple   | Became a worshipper of Vehumet
  6467 | D:4      | Reached skill level 3 in Spellcasting
  6851 | D:5      | Reached skill level 7 in Conjurations
  6982 | D:5      | Acquired Vehumet's first power
  6982 | D:5      | Offered knowledge of Magic Dart by Vehumet.
  7030 | D:5      | Noticed Fiveotanaka's ghost (average DsGl)
  7039 | D:5      | Noticed Ijyb
  7594 | D:5      | Reached XP level 8. HP: 23/46 MP: 16/16
  7976 | D:5      | Slain by an orc warrior

Vanquished Creatures
  A sky beast (D:5)
  An ogre (D:4)
  2 ice beasts (D:5)
  2 jellies
  2 crimson imps
  A giant frog skeleton (D:5)
  2 worker ants (D:4)
  2 hounds
  An orc wizard (D:3)
  4 gnolls (D:5)
  A giant mite (D:1)
  5 adders
  4 worms
  An adder skeleton (D:5)
  An ooze (D:3)
  19 orcs
  12 bats
  2 bat skeletons
  A bat zombie (D:5)
  10 giant cockroaches
  14 hobgoblins
  11 jackals
  17 kobolds
  A quokka (D:4)
  4 ball pythons
  A giant cockroach zombie (D:5)
  4 giant geckos
  A giant gecko skeleton (D:5)
  3 giant newts
  21 goblins
  10 rats
161 creatures vanquished.

Vanquished Creatures (others)
  A hobgoblin (D:4)
1 creature vanquished.

Grand Total: 162 creatures vanquished
